 Dungeon Crawl Stone Soup version 0.19-a0-1225-gf887c1c (webtiles) character file.

242 MTVSty1e the Skirmisher (level 5, 0/42 HPs)
             Began as a Demonspawn Gladiator on Aug 25, 2016.
             Slain by MTVSty1e's ghost (8 damage)
             ... on level 4 of the Dungeon.
             The game lasted 00:06:22 (2975 turns).

MTVSty1e the Skirmisher (Demonspawn Gladiator)      Turns: 2975, Time: 00:06:23

Health: 0/42       AC: 20    Str: 21    XL:     5   Next: 81%
Magic:  5/5        EV:  9    Int: 10    God:
Gold:   143        SH:  0    Dex: 13    Spells: 0 memorised, 4 levels left

rFire  . . .     SeeInvis .     a - +0 war axe
rCold  . . .     Gourm    .     o - +0 chain mail
rNeg   . . .     Faith    .     (no shield)
rPois  .         Spirit   .     q - +2 helmet
rElec  .         Dismiss  .     (no cloak)
rCorr  .         Reflect  .     (no gloves)
MR     .....     Harm     .     (no boots)
Stlth  ..........               (no amulet)
                                (no ring)
                                (no ring)

@: mighty, sanguine armour
A: hooves 1, sanguine armour 2
a: no special abilities


You were on level 4 of the Dungeon.
You were not hungry.

You visited 1 branch of the dungeon, and saw 4 of its levels.

You collected 143 gold pieces.

Inventory:

Hand Weapons
 a - a +0 war axe (weapon)
Missiles
 d - 3 throwing nets (quivered)
Armour
 o - a +0 chain mail (worn)
 q - a +2 helmet (worn)
Wands
 s - a wand of lightning (7/15)
Scrolls
 g - a scroll of fog {unknown}
 h - a scroll of recharging {unknown}
 j - a scroll of noise {unknown}
 p - a scroll of remove curse {unknown}
 r - 2 scrolls of identify {unknown}
 t - a scroll of enchant weapon {unknown}
 u - a scroll of enchant armour {unknown}
Potions
 l - a potion of brilliance {unknown}
 n - a potion of agility {unknown}
Comestibles
 b - 2 beef jerkies
 c - a bread ration
 i - a slice of pizza
 m - a meat ration


   Skills:
 * Level 4.2 Fighting
 + Level 3.3 Axes
 - Level 1.7 Throwing
 + Level 2.2 Armour
 + Level 3.5 Dodging


You had 4 spell levels left.
You didn't know any spells.

Dungeon Overview and Level Annotations

Branches:
Dungeon (4/15)
 Temple: D:4-7

Altars:
Dithmenos
Fedhas
Vehumet

Annotations:
D:4 MTVSty1e's ghost, amateur DsGl


Innate Abilities, Weirdness & Mutations

You have large cloven feet.
When seriously injured, your bleeding wounds create thick armour. (AC +9)


Message History

You hit MTVSty1e's ghost but do no damage.
You kick MTVSty1e's ghost, but do no damage.
MTVSty1e's ghost is moderately damaged.
MTVSty1e's ghost barely misses you.
You hit MTVSty1e's ghost. Your kick misses MTVSty1e's ghost.
MTVSty1e's ghost is heavily damaged.
MTVSty1e's ghost barely misses you.
You hit MTVSty1e's ghost but do no damage.
You kick MTVSty1e's ghost, but do no damage.
MTVSty1e's ghost is heavily damaged.
MTVSty1e's ghost closely misses you. MTVSty1e's ghost hits you.
You closely miss MTVSty1e's ghost.
You kick MTVSty1e's ghost, but do no damage.
MTVSty1e's ghost is heavily damaged.
MTVSty1e's ghost hits you!
* * * LOW HITPOINT WARNING * * *
It was a potion of might.
You feel very mighty all of a sudden. MTVSty1e's ghost hits you!
You die...

#.##.##.# #.#
#.##..... # #.#
#.##....# .##
#.# #.##.##.#
..< #.#
#.##.##.#
..##.##.###
#.......#
..........#
####.####
......W.#.# #.#
#@#.#########.#
#.............#
###.###########
#.# ..# ####


You could see MTVSty1e's ghost.

Vanquished Creatures
  Blork the orc (D:4)
  An iguana (D:4)
  6 adders
  4 worms
  2 dart slugs (D:1)
  2 giant geckos
  7 bats
  5 giant cockroaches
  9 goblins
  9 hobgoblins
  9 jackals
  3 quokkas
  4 giant newts
  7 kobolds
  11 rats
80 creatures vanquished.

Notes
Turn   | Place    | Note
-------+----------+-------------------------------------------
     0 | D:1      | MTVSty1e the Demonspawn Gladiator began the quest for the Orb.
     0 | D:1      | Reached XP level 1. HP: 16/16 MP: 1/1
   236 | D:1      | Gained mutation: When seriously injured, your bleeding wounds create armour. (AC +9) [demonic ancestry]
   236 | D:1      | Reached XP level 2. HP: 22/22 MP: 2/2
   811 | D:2      | Gained mutation: When seriously injured, your bleeding wounds create thick armour. (AC +9) [demonic ancestry]
   811 | D:2      | Reached XP level 3. HP: 26/28 MP: 3/3
   841 | D:2      | Reached skill level 1 in Armour
  1233 | D:2      | Reached skill level 3 in Fighting
  1538 | D:2      | Reached XP level 4. HP: 28/35 MP: 4/4
  2474 | D:3      | Gained mutation: You have large cloven feet. [demonic ancestry]
  2474 | D:3      | Reached XP level 5. HP: 38/41 MP: 5/5
  2566 | D:3      | Found a blossoming altar of Fedhas.
  2641 | D:3      | Found a radiant altar of Vehumet.
  2641 | D:3      | Found a shadowy altar of Dithmenos.
  2902 | D:4      | Noticed Blork the orc
  2929 | D:4      | Killed Blork the orc
  2929 | D:4      | Reached skill level 4 in Fighting
  2956 | D:4      | Noticed MTVSty1e's ghost (amateur DsGl)
  2975 | D:4      | Slain by MTVSty1e's ghost

Vault maps used:
D:1:      lemuel_arrival_room
D:3:      gammafunk_temple_overflow_pools, marbit_many_paths,
          kennysheep_generic_room_6
D:4:      lemuel_round_altar, first_bread, uniq_pikel, uniq_blork_the_orc

Skill      XL: |  1  2  3  4  5 |
---------------+----------------+-----
Armour         | 1 2 |  2.2
Dodging        | 3 |  3.5
Fighting       | 3 4 |  4.2
Axes           | 3 |  3.3
Throwing       | |  1.7

Action                   |  1- 3 |  4- 6 || total
-------------------------+-------+-------++-------
Melee: War axe           |   128 |   143 ||   271
       Kick              |       |    10 ||    10
  Use: Potion            |       |     3 ||     3
 Stab: Sleeping          |     2 |       ||     2
  Eat: Royal jelly       |     1 |       ||     1
       Bread ration      |       |     1 ||     1
       Pizza             |       |     1 ||     1
Armor: Leather armour    |    49 |       ||    49
       Chain mail        |     9 |    82 ||    91
       Skin              |       |    22 ||    22
Dodge: Dodged            |   101 |    75 ||   176
